AoeStats
← Esrik

Glade

510593953Analyzed
1v1 RM · 20h ago on Oct 1, 2026· 40m 36s· 2 players
Game mode
Random Map
Map size
Tiny (2 player)
Population
200
Speed
Normal
Resources
Standard
Victory
Conquest
Starting age
Dark Age
Ending age
Imperial Age
RankedLock teamsTeams togetherTeam positionsShared explorationLock speedFull tech treeHidden civsTurbo modeCheats
Victory
Defeat
🇹🇷 Franks · Türkiye
1289
+15
🇦🇷 Georgians · Argentina
1260
-15
DS_ReYDeR
4:41 Loom
8:51 Feudal Age
10:01 Double-Bit Axe
16:45 Castle Age
14:53 Horse Collar
15:22 Gold Mining
15:57 Stone Mining
17:38 Bow Saw
22:54 Wheelbarrow
22:37 Town Watch
24:46 Fletching
27:32 Heavy Plow
28:54 Scale Barding Armor
34:06 Imperial Age
32:06 Bodkin Arrow
32:53 Stone Shaft Mining
34:00 Chain Barding Armor
33:51 Forging
36:55 Masonry
37:50 Hoardings
38:06 Hand Cart
37:56 Bracer
37:47 Pikeman
38:27 Squires
39:05 Conscription
38:59 Padded Archer Armor
38:25 Halberdier
39:33 Scale Mail Armor
40:09 Iron Casting
Esrik
11:23 Feudal Age
12:12 Double-Bit Axe
18:16 Castle Age
16:55 Gold Mining
17:47 Stone Mining
18:54 Wheelbarrow
21:06 Forging
21:38 Hand Cart
23:14 Iron Casting
33:50 Imperial Age
32:03 Scale Mail Armor
32:05 Squires
33:05 Scale Barding Armor
34:10 Gold Shaft Mining
34:14 Chain Mail Armor
34:14 Cavalier
35:28 Bow Saw
37:06 Chain Barding Armor
38:14 Blast Furnace
38:02 Elite Throwing Axeman
40:10 Plate Mail Armor
Connection lost

Rejoining the realm…

Still unreachable

The connection could not be restored.

Session expired

The server has moved on; the page needs a fresh start.